 Dungeon Crawl Stone Soup version 0.27.0-1-g7a089689b8 (webtiles) character file.

Game seed: 14568964919856311800

241 Anothat the Ruffian (level 5, -3/53 HPs)
             Began as a Troll Monk on July 31, 2021.
             Slain by Sigmund (7 damage)
             ... on level 3 of the Dungeon.
             The game lasted 00:02:21 (1720 turns).

Anothat the Ruffian (Troll Monk)                    Turns: 1720, Time: 00:02:21

Health: -3/53      AC:  5    Str: 18 (20) XL:     5   Next: 80%
Magic:  4/4        EV: 10    Int:  4 (6)  God:
Gold:   122        SH:  0    Dex:  9 (12) Spells: 4/4 levels left

rFire    . . .     SeeInvis .     - Unarmed
rCold    . . .     Faith    .   (no shield)
rNeg     . . .     Spirit   .   a - +0 robe
rPois    .         Reflect  .   (helmet restricted)
rElec    .         Harm     .   h - +0 cloak
rCorr    .         Rampage  .   (gloves unavailable)
Will     .....                  (boots unavailable)
Stlth    +.........             (no amulet)
HPRegen  1.17/turn              (no ring)
MPRegen  0.09/turn              (no ring)

@: brilliant
A: large, unfitting armour, claws 3, regeneration 1, shaggy fur 1, tough skin 1,
horns 1, evolution 1
a: no special abilities


You were on level 3 of the Dungeon.
You visited 1 branch of the dungeon, and saw 3 of its levels.

You collected 122 gold pieces.

Inventory:

Armour
 a - a +0 robe (worn)
 h - a +0 cloak (worn)
Jewellery
 g - a ring of willpower
Scrolls
 e - a scroll of teleportation {unknown}
 f - a scroll of blinking {unknown}
 j - a scroll of silence {unknown}
Potions
 b - a potion of mutation
 d - 2 potions of brilliance


   Skills:
 + Level 3.6 Fighting
 - Level 2.7 Dodging
 - Level 1.2 Stealth
 * Level 5.3 Unarmed Combat


You had 4 spell levels left.
You didn't know any spells.
Your spell library was empty.

Dungeon Overview and Level Annotations

Branches:
Dungeon (3/15)

Altars:

Annotations:
D:3 Sigmund


Innate Abilities, Weirdness & Mutations

You are too large for most types of armour.
You have claws for hands.
Your natural rate of healing is unusually fast.
You are covered in fur. (AC +1)
You have tough skin. (AC +1)
You have a pair of small horns on your head.
You evolve.


Message History

Sigmund flickers and vanishes!
Deactivating autopickup; reactivate with Ctrl-A.
Found 30 bolts.
The quokka bites you. x2
You scratch the quokka.
The quokka is heavily wounded.
The quokka bites you.
You miss the quokka.
The quokka is heavily wounded.
The quokka barely misses you.
You completely miss the quokka.
The quokka is heavily wounded.
The quokka bites you. Something hits you.
It was a potion of mutation.
You feel extremely strange.
You feel nature experimenting on you.
Don't worry, failures die fast.
A pair of horns grows on your head!
The quokka bites you but does no damage.
Something hits you!
You closely miss the quokka.
The quokka is heavily wounded.
The quokka bites you but does no damage.
You claw the quokka!
You kill the quokka!
Something hits you! Something hits you!
You see here a quokka corpse.
You barely miss something. You headbutt something. You claw something.
Something hits you!
* * * LOW HITPOINT WARNING * * *
It was a potion of brilliance.
You feel clever all of a sudden. Something hits you.
* * * LOW HITPOINT WARNING * * *
It was a potion of magic.
Magic courses through your body. Something hits you.
* * * LOW HITPOINT WARNING * * *
It was a potion of degeneration.
There was something very wrong with that liquid.
You feel weakened.
You feel dopey.
You feel clumsy. Something hits you!
You die...

....#.+ #...
......# #..
#.#.#.# #.(
#.#.#.# ##### ...
#.#.#.# ....# #.#
##.#.#.###.# ##.##
#.# #....)))...#
##(..##### #{#
#..#.#.#####
...#....<# #@#
#..#.#.#####
##...###.#
#.#####..#.#......
###.## #.#
#.##.......######.
#.####.#
#..........# #.
###.††.#.#
####.......######.
.......#.#
#..............
####)..#.#
#.......######.
#####.##.#
#.......# #.
....))# #
#.......# #.


There were no monsters in sight!

Vanquished Creatures
  An orc priest (D:3)
  Natasha (thrice) (D:2)
  3 gnolls (D:3)
  An adder (D:2)
  3 worms
  2 dart slugs (D:1)
  3 orcs (D:3)
  6 ball pythons
  2 endoplasms
  4 giant cockroaches
  10 goblins
  3 hobgoblins (D:1)
  17 jackals
  3 quokkas
  4 bats (D:1)
  3 frilled lizards
  5 kobolds
  7 rats
80 creatures vanquished.

Notes
Turn   | Place    | Note
-------+----------+-------------------------------------------
     0 | D:1      | Anothat the Troll Monk began the quest for the Orb.
     0 | D:1      | Reached XP level 1. HP: 22/22 MP: 0/0
    99 | D:1      | Reached XP level 2. HP: 29/29 MP: 1/1
   337 | D:1      | Reached XP level 3. HP: 34/36 MP: 2/2
   823 | D:2      | Noticed Natasha
   832 | D:2      | Killed Natasha
   833 | D:2      | Reached skill level 4 in Unarmed Combat
   833 | D:2      | Reached XP level 4. HP: 20/45 MP: 3/3
   913 | D:2      | Found a faded altar of an unknown god.
  1107 | D:2      | Noticed Natasha
  1116 | D:2      | Killed Natasha
  1259 | D:2      | Noticed Natasha
  1266 | D:2      | Killed Natasha
  1267 | D:2      | Reached XP level 5. HP: 32/53 MP: 4/4
  1399 | D:3      | Reached skill level 5 in Unarmed Combat
  1707 | D:3      | Noticed Sigmund
  1713 | D:3      | Gained mutation: You evolve. [potion of mutation]
  1713 | D:3      | Gained mutation: You have a pair of small horns on your
                  | head. [potion of mutation]
  1719 | D:3      | HP: 2/53 [something (3)]
  1720 | D:3      | Slain by Sigmund

Illustrated notes

Levels and vault maps discovered:
D:1:      mrwooster_arrival_statue, layout_basic
D:2:      layout_loops_cross, hellmonk_ecumenical_altar_run_dry, minmay_unequal,
          uniq_natasha
D:3:      layout_loops_ring, kennysheep_generic_room_13, uniq_sigmund

Skill      XL: |  1  2  3  4  5 |
---------------+----------------+-----
Fighting       | 3 |  3.6
Unarmed Combat | 4 5 |  5.3
Dodging        | |  2.7
Stealth        | |  1.2

Action                   |  1- 3 |  4- 6 || total
-------------------------+-------+-------++-------
Melee: Unarmed           |   136 |    94 ||   230
       Punch             |     2 |     2 ||     4
       Headbutt          |       |     1 ||     1
  Use: Potion            |       |     4 ||     4
 Stab: Sleeping          |     3 |     1 ||     4
Armor: Robe              |    76 |    34 ||   110
Dodge: Dodged            |   111 |    57 ||   168
